[ AOE2 MATCH · #505494873 ]
UnrankedBohemians vs Tatars
Player's team · LOSS
Rival team · WIN
[ REPLAY ANALYSIS · EXTRACTED FROM THE RECORDED GAME ]
Feudal
8:56
Castle
20:53
Imperial
41:55
| APM avg | 39.8 |
| APM peak | 64 |
| eAPM avg | 20.9 |
| Villagers / military | 165 / 60 |
Focus
⚔️ 43.9% · 🌾 56.1%
Hussite Wagon ×40 · Archer ×7 · Mangonel ×5 · Monk ×2 · Knight ×2 · Scout Cavalry ×2
Feudal
11:52
Castle
22:21
Imperial
40:37
| APM avg | 81.8 |
| APM peak | 114 |
| eAPM avg | 40.0 |
| Villagers / military | 160 / 179 |
Focus
⚔️ 41.2% · 🌾 58.8%
Archer ×68 · Knight ×64 · Battering Ram ×16 · Mangonel ×10 · Skirmisher ×6 · Petard ×5
Match map
Initial resources + every placement click. Lines = walls · curves = elevation contours. ◆ gold · ⬟ stone · ● berries · ✦ relic · ◌ wall gap
Your base· Open — unwalled flank
2Darling's base· ✓ Closed at 22:21 · 74t walls · 1 gate(s)
Smoothed initial terrain · ◌ = detected wall gap · hover for details
Inputs per minute
— SSx_SnowwW - - 2Darling
Build order — SSx_SnowwW
First 150 of 314 actions detected
| 0:01 | Queue | Villager (Male) |
| 0:02 | Build | House |
| 0:03 | Build | House |
| 0:15 | Queue | Villager (Male) ×3 |
| 1:25 | Queue | Villager (Male) |
| 2:03 | Queue | Villager (Male) |
| 2:03 | Queue | Villager (Male) |
| 2:24 | Queue | Villager (Male) |
| 2:24 | Queue | Villager (Male) |
| 2:40 | Build | Lumber Camp |
| 2:46 | Queue | Villager (Male) |
| 2:54 | Build | Palisade Wall |
| 3:11 | Queue | Villager (Male) |
| 3:34 | Build | House |
| 3:38 | Queue | Villager (Male) |
| 3:51 | Build | Palisade Wall |
| 3:53 | Build | Palisade Wall |
| 4:02 | Queue | Villager (Male) |
| 4:40 | Queue | Villager (Male) |
| 4:41 | Queue | Villager (Male) |
| 4:41 | Queue | Villager (Male) |
| 4:41 | Queue | Villager (Male) |
| 4:44 | Build | Palisade Wall |
| 4:59 | Build | Mill |
| 5:08 | Queue | Villager (Male) |
| 6:00 | Build | Palisade Wall |
| 6:08 | Build | House |
| 6:11 | Research | Loom |
| 6:24 | Build | House |
| 6:27 | Build | Palisade Wall |
| 6:46 | Research | Feudal Age |
| 6:50 | Build | Palisade Wall |
| 6:54 | Build | Palisade Wall |
| 7:02 | Build | Palisade Wall |
| 7:08 | Build | Palisade Wall |
| 7:52 | Build | Palisade Wall |
| 8:06 | Build | Barracks |
| 8:27 | Build | Palisade Wall |
| 8:56 | Age | Feudal Age |
| 8:58 | Queue | Villager (Male) |
| 9:21 | Build | Stable |
| 9:25 | Queue | Villager (Male) |
| 9:49 | Build | House |
| 9:53 | Build | House |
| 9:59 | Build | House |
| 10:01 | Queue | Villager (Male) |
| 10:06 | Queue | Scout Cavalry |
| 10:09 | Queue | Scout Cavalry |
| 10:13 | Research | Double-Bit Axe |
| 10:19 | Build | Palisade Wall |
| 10:21 | Build | Palisade Wall |
| 10:29 | Queue | Villager (Male) |
| 10:53 | Queue | Villager (Male) |
| 10:58 | Build | Farm |
| 11:00 | Build | Farm |
| 11:11 | Queue | Villager (Male) |
| 11:24 | Queue | Villager (Male) |
| 11:26 | Build | Farm |
| 11:28 | Build | Farm |
| 11:45 | Queue | Villager (Male) |
| 11:46 | Build | Farm |
| 11:53 | Build | Palisade Wall |
| 12:07 | Build | Farm |
| 12:13 | Build | Farm |
| 12:35 | Queue | Villager (Male) |
| 12:36 | Build | Farm |
| 12:39 | Build | Farm |
| 12:41 | Queue | Villager (Male) |
| 12:51 | Build | House |
| 13:07 | Queue | Villager (Male) |
| 13:21 | Build | Archery Range |
| 13:26 | Queue | Villager (Male) |
| 13:50 | Queue | Villager (Male) |
| 13:53 | Build | Mining Camp |
| 14:05 | Queue | Villager (Male) |
| 14:09 | Queue | Archer |
| 14:21 | Queue | Villager (Male) |
| 14:39 | Build | Farm |
| 14:48 | Build | Farm |
| 14:50 | Build | Farm |
| 15:11 | Queue | Villager (Male) |
| 15:22 | Queue | Archer |
| 15:33 | Build | Blacksmith |
| 15:36 | Build | Mining Camp |
| 15:46 | Queue | Skirmisher |
| 15:49 | Queue | Villager (Male) |
| 15:59 | Build | Lumber Camp |
| 16:21 | Queue | Villager (Male) |
| 16:25 | Build | House |
| 16:30 | Build | House |
| 16:31 | Build | House |
| 16:41 | Queue | Archer |
| 16:48 | Queue | Villager (Male) |
| 16:52 | Build | House |
| 16:54 | Build | House |
| 16:55 | Build | House |
| 17:10 | Build | Farm |
| 17:11 | Queue | Villager (Male) |
| 17:18 | Queue | Archer |
| 17:19 | Queue | Archer |
| 18:13 | Research | Castle Age |
| 18:45 | Research | Fletching |
| 19:01 | Build | House |
| 19:24 | Queue | Archer |
| 19:48 | Queue | Archer |
| 19:51 | Research | Horse Collar |
| 20:53 | Age | Castle Age |
| 20:58 | Build | Castle |
| 21:06 | Queue | Villager (Male) |
| 21:14 | Research | Bow Saw |
| 21:44 | Queue | Villager (Male) |
| 21:46 | Build | Farm |
| 21:59 | Queue | Hussite Wagon |
| 22:00 | Queue | Hussite Wagon |
| 22:05 | Build | Town Center |
| 22:11 | Queue | Villager (Male) |
| 22:15 | Queue | Villager (Male) |
| 22:35 | Queue | Hussite Wagon |
| 22:37 | Queue | Villager (Male) |
| 22:49 | Build | House |
| 22:51 | Build | House |
| 23:05 | Build | House |
| 23:09 | Queue | Villager (Male) |
| 23:15 | Queue | Hussite Wagon |
| 23:17 | Build | House |
| 23:40 | Queue | Hussite Wagon |
| 23:44 | Queue | Villager (Male) ×5 |
| 23:50 | Queue | Hussite Wagon |
| 24:01 | Queue | Hussite Wagon |
| 24:12 | Research | Town Watch |
| 24:30 | Queue | Hussite Wagon |
| 24:31 | Queue | Villager (Male) ×3 |
| 24:39 | Queue | Hussite Wagon |
| 24:46 | Build | House |
| 24:55 | Build | House |
| 24:56 | Build | House |
| 25:00 | Queue | Hussite Wagon |
| 25:20 | Build | Siege Workshop |
| 25:24 | Build | Siege Workshop |
| 25:31 | Queue | Villager (Male) ×2 |
| 25:41 | Queue | Hussite Wagon |
| 25:42 | Queue | Villager (Male) |
| 25:44 | Build | Farm |
| 25:45 | Build | Farm |
| 25:54 | Build | Stone Wall |
| 26:20 | Queue | Mangonel |
| 26:25 | Queue | Villager (Male) ×2 |
| 26:29 | Build | Castle |
| 26:41 | Queue | Villager (Male) |
| 26:47 | Build | Farm |
Build order — 2Darling
First 150 of 532 actions detected
| 0:01 | Queue | Villager (Male) |
| 0:01 | Queue | Villager (Male) |
| 0:01 | Queue | Villager (Male) |
| 0:03 | Build | House |
| 0:04 | Build | House |
| 0:04 | Queue | Villager (Male) |
| 1:27 | Queue | Villager (Male) |
| 1:27 | Queue | Villager (Male) |
| 1:48 | Queue | Villager (Male) |
| 1:49 | Queue | Villager (Male) |
| 2:12 | Queue | Villager (Male) |
| 2:12 | Queue | Villager (Male) |
| 2:43 | Queue | Villager (Male) |
| 3:01 | Queue | Villager (Male) |
| 3:01 | Queue | Villager (Male) |
| 3:24 | Build | House |
| 3:28 | Queue | Villager (Male) |
| 3:28 | Queue | Villager (Male) |
| 3:46 | Queue | Villager (Male) |
| 3:47 | Queue | Villager (Male) |
| 3:49 | Build | Barracks |
| 4:15 | Queue | Villager (Male) |
| 4:15 | Queue | Villager (Male) |
| 4:15 | Queue | Villager (Male) |
| 4:53 | Queue | Militia |
| 4:53 | Queue | Militia |
| 5:05 | Build | Lumber Camp |
| 5:33 | Queue | Villager (Male) |
| 5:35 | Build | House |
| 5:43 | Queue | Villager (Male) |
| 5:43 | Queue | Villager (Male) |
| 6:10 | Queue | Villager (Male) |
| 6:25 | Queue | Militia |
| 6:38 | Queue | Villager (Male) |
| 6:50 | Queue | Villager (Male) |
| 6:53 | Build | House |
| 6:55 | Build | Mill |
| 7:18 | Queue | Villager (Male) |
| 7:52 | Queue | Villager (Male) |
| 7:53 | Research | Loom |
| 8:25 | Build | Mill |
| 8:37 | Build | Palisade Wall |
| 8:42 | Build | Palisade Wall |
| 8:44 | Build | Palisade Wall |
| 8:45 | Build | Palisade Wall |
| 8:49 | Queue | Villager (Male) |
| 8:52 | Build | Palisade Wall |
| 8:55 | Build | Palisade Wall |
| 9:03 | Build | Palisade Wall |
| 9:18 | Build | Palisade Wall |
| 9:42 | Research | Feudal Age |
| 9:42 | Research | Feudal Age |
| 10:08 | Build | Palisade Wall |
| 10:17 | Build | House |
| 10:22 | Build | Mining Camp |
| 10:40 | Build | House |
| 10:41 | Build | Palisade Wall |
| 10:45 | Build | Palisade Wall |
| 11:25 | Queue | Villager (Male) |
| 11:32 | Queue | Militia |
| 11:52 | Age | Feudal Age |
| 12:01 | Build | Palisade Gate |
| 12:03 | Research | Man-at-Arms (upgrade) |
| 12:03 | Research | Man-at-Arms (upgrade) |
| 12:09 | Queue | Villager (Male) |
| 12:15 | Queue | Villager (Male) |
| 12:23 | Build | Archery Range |
| 12:25 | Queue | Villager (Male) |
| 12:37 | Queue | Villager (Male) |
| 13:01 | Build | House |
| 13:15 | Build | Farm |
| 13:16 | Build | Farm |
| 13:17 | Research | Double-Bit Axe |
| 13:17 | Research | Double-Bit Axe |
| 13:20 | Queue | Archer |
| 13:20 | Queue | Archer |
| 13:26 | Queue | Villager (Male) |
| 13:33 | Build | House |
| 13:34 | Build | House |
| 13:46 | Build | Farm |
| 13:47 | Build | Farm |
| 13:51 | Queue | Archer |
| 13:52 | Queue | Archer |
| 13:52 | Queue | Archer |
| 13:58 | Build | House |
| 13:59 | Queue | Villager (Male) |
| 14:10 | Build | Farm |
| 14:12 | Build | Farm |
| 14:15 | Queue | Villager (Male) |
| 14:15 | Queue | Villager (Male) |
| 14:15 | Queue | Villager (Male) |
| 14:24 | Build | House |
| 14:25 | Queue | Archer |
| 14:26 | Queue | Archer |
| 14:32 | Build | House |
| 14:39 | Queue | Villager (Male) |
| 14:52 | Build | Farm |
| 14:56 | Queue | Archer |
| 15:01 | Build | House |
| 15:02 | Build | Palisade Wall |
| 15:23 | Build | Palisade Wall |
| 15:26 | Queue | Archer |
| 15:42 | Queue | Villager (Male) |
| 15:45 | Build | Blacksmith |
| 15:46 | Queue | Archer |
| 15:58 | Build | Palisade Wall |
| 15:59 | Build | House |
| 16:00 | Queue | Villager (Male) |
| 16:18 | Build | Farm |
| 16:30 | Queue | Villager (Male) |
| 16:32 | Build | Archery Range |
| 16:35 | Research | Fletching |
| 16:35 | Research | Fletching |
| 16:45 | Build | Palisade Wall |
| 16:46 | Build | House |
| 16:47 | Build | House |
| 16:50 | Queue | Villager (Male) |
| 16:51 | Queue | Archer |
| 17:03 | Build | Farm |
| 17:07 | Queue | Archer |
| 17:07 | Queue | Archer |
| 17:16 | Build | House |
| 17:17 | Build | House |
| 17:28 | Queue | Archer |
| 17:28 | Queue | Archer |
| 17:30 | Queue | Villager (Male) |
| 17:34 | Build | Farm |
| 17:40 | Queue | Archer |
| 18:06 | Queue | Villager (Male) |
| 18:11 | Build | Market |
| 18:12 | Queue | Archer |
| 18:36 | Queue | Villager (Male) |
| 18:38 | Queue | Archer |
| 18:38 | Queue | Archer |
| 18:41 | Build | House |
| 18:41 | Build | House |
| 19:14 | Build | Farm |
| 19:40 | Build | Farm |
| 19:40 | Build | Farm |
| 19:41 | Research | Castle Age |
| 19:52 | Queue | Archer |
| 19:53 | Queue | Archer |
| 19:55 | Build | Farm |
| 19:57 | Build | Farm |
| 20:07 | Queue | Villager (Male) |
| 20:08 | Queue | Villager (Male) |
| 20:12 | Build | House |
| 20:12 | Build | House |
| 20:14 | Queue | Archer |
| 20:14 | Queue | Archer |
Match timeline
| 2:54 | SSx_SnowwW · wall_segment Palisade Wall x1 |
| 3:49 | 2Darling · first_building Barracks |
| 3:51 | SSx_SnowwW · wall_segment Palisade Wall x1 |
| 3:53 | SSx_SnowwW · wall_segment Palisade Wall x1 |
| 4:44 | SSx_SnowwW · wall_segment Palisade Wall x1 |
| 6:00 | SSx_SnowwW · wall_segment Palisade Wall x1 |
| 6:27 | SSx_SnowwW · wall_segment Palisade Wall x3 |
| 6:50 | SSx_SnowwW · wall_segment Palisade Wall x1 |
| 6:54 | SSx_SnowwW · wall_segment Palisade Wall x1 |
| 7:02 | SSx_SnowwW · wall_segment Palisade Wall x1 |
| 7:08 | SSx_SnowwW · wall_segment Palisade Wall x1 |
| 7:52 | SSx_SnowwW · wall_segment Palisade Wall x3 |
| 8:06 | SSx_SnowwW · first_building Barracks |
| 8:27 | SSx_SnowwW · wall_segment Palisade Wall x5 |
| 8:37 | 2Darling · wall_segment Palisade Wall x13 |
| 8:42 | 2Darling · wall_segment Palisade Wall x9 |
| 8:44 | 2Darling · wall_segment Palisade Wall x8 |
| 8:45 | 2Darling · wall_segment Palisade Wall x3 |
| 8:52 | 2Darling · wall_segment Palisade Wall x1 |
| 8:55 | 2Darling · wall_segment Palisade Wall x13 |
| 8:56 | SSx_SnowwW · age_up feudal |
| 9:03 | 2Darling · wall_segment Palisade Wall x1 |
| 9:18 | 2Darling · wall_segment Palisade Wall x13 |
| 9:21 | SSx_SnowwW · first_building Stable |
| 10:08 | 2Darling · wall_segment Palisade Wall x7 |
| 10:19 | SSx_SnowwW · wall_segment Palisade Wall x6 |
| 10:21 | SSx_SnowwW · wall_segment Palisade Wall x9 |
| 10:41 | 2Darling · wall_segment Palisade Wall x1 |
| 10:45 | 2Darling · wall_segment Palisade Wall x1 |
| 11:52 | 2Darling · age_up feudal |
| 11:53 | SSx_SnowwW · wall_segment Palisade Wall x3 |
| 12:23 | 2Darling · first_building Archery Range |
| 13:21 | SSx_SnowwW · first_building Archery Range |
| 15:02 | 2Darling · wall_segment Palisade Wall x5 |
| 15:23 | 2Darling · wall_segment Palisade Wall x2 |
| 15:58 | 2Darling · wall_segment Palisade Wall x1 |
| 16:45 | 2Darling · wall_segment Palisade Wall x1 |
| 19:33 | 2Darling · first_market_sell 100 wood |
| 20:53 | SSx_SnowwW · age_up castle |
| 20:58 | SSx_SnowwW · first_building Castle |
| 22:21 | 2Darling · age_up castle |
| 24:23 | 2Darling · first_building Siege Workshop |
| 25:20 | SSx_SnowwW · first_building Siege Workshop |
| 25:54 | SSx_SnowwW · wall_segment Stone Wall x14 |
| 30:21 | SSx_SnowwW · wall_segment Stone Wall x2 |
| 30:23 | SSx_SnowwW · wall_segment Stone Wall x10 |
| 30:28 | 2Darling · first_building Stable |
| 30:33 | 2Darling · first_market_buy 100 wood |
| 33:23 | SSx_SnowwW · first_building Monastery |
| 34:21 | SSx_SnowwW · wall_segment Stone Wall x14 |
| 34:22 | SSx_SnowwW · wall_segment Stone Wall x3 |
| 34:33 | 2Darling · first_building Monastery |
| 36:05 | 2Darling · first_building Castle |
| 36:42 | SSx_SnowwW · wall_segment Stone Wall x8 |
| 36:46 | SSx_SnowwW · wall_segment Stone Wall x6 |
| 37:15 | SSx_SnowwW · wall_segment Stone Wall x5 |
| 38:36 | SSx_SnowwW · first_market_sell 500 food |
| 39:13 | 2Darling · wall_segment Stone Wall x2 |
| 39:14 | 2Darling · wall_segment Stone Wall x2 |
| 39:15 | 2Darling · wall_segment Stone Wall x2 |
| 40:06 | SSx_SnowwW · wall_segment Stone Wall x2 |
| 40:19 | SSx_SnowwW · wall_segment Stone Wall x1 |
| 40:26 | SSx_SnowwW · wall_segment Stone Wall x1 |
| 40:37 | 2Darling · age_up imperial |
| 41:55 | SSx_SnowwW · age_up imperial |
| 42:51 | SSx_SnowwW · wall_segment Palisade Wall x1 |
| 43:02 | SSx_SnowwW · resign |
[ AI ANALYSIS · 1 CREDIT ]
What really happened in this match?
Wolo.gg analyzes every decision: build order, eco, micro, common mistakes by bracket. Personalized analysis on WhatsApp or Discord in 30 seconds.
Civ guide
Bohemians
Perfil
Jugador #589214